 Dungeon Crawl Stone Soup version 0.24.0-125-gc4c63601f3 (webtiles) character file.

Game seed: 2682888720430463978, levelgen mode: deterministic

3041 Diniver the Grappler (level 9, -3/87 HPs)
             Began as a Troll Fighter on Mar 15, 2020.
             Was a Follower of Makhleb.
             Slain by a skeletal warrior
             ... wielding a +0 hand axe
              (17 damage)
             ... on level 7 of the Dungeon.
             The game lasted 00:57:18 (6580 turns).

Diniver the Grappler (Troll Fighter)                Turns: 6580, Time: 00:57:18

Health: -3/87      AC:  8    Str: 29    XL:     9   Next: 56%
Magic:  8/8        EV: 11    Int:  4    God:    Makhleb [*.....]
Gold:   772        SH: 10    Dex:  9    Spells: 8/8 levels left

rFire    . . .     SeeInvis .     - Unarmed
rCold    . . .     Gourm    +   b - +0 shield
rNeg     . . .     Faith    .   k - +0 robe
rPois    .         Spirit   .   t - +1 hat
rElec    .         Reflect  .   p - +0 cloak
rCorr    .         Harm     .   (gloves unavailable)
MR       .....                  (boots unavailable)
Stlth    +.........             y - amulet of regeneration
HPRegen  1.04/turn              (no ring)
MPRegen  0.11/turn              (no ring)

@: no status effects
A: large, unfitting armour, claws 3, fast metabolism 3, gourmand, regeneration
1, shaggy fur 1, tough skin 3
a: Renounce Religion


You were on level 7 of the Dungeon.
You worshipped Makhleb.
Makhleb was aware of your devotion.
You were not hungry.

You visited 1 branch of the dungeon, and saw 8 of its levels.

You collected 772 gold pieces.

Inventory:

Hand Weapons
 H - a cursed -1 hand axe
Missiles
 a - 20 poisoned darts
 j - 169 stones (quivered)
Armour
 b - a +0 shield (worn)
 k - a +0 robe (worn)
 p - a +0 cloak (worn)
 t - a +1 hat (worn)
 A - the cursed +1 chain mail "Emiucs" {MR+ Dex-4 Slay+2 SInv, unknown}
   (You found it on level 5 of the Dungeon)

   It affects your dexterity (-4).
   It affects your accuracy and damage with ranged weapons and melee attacks
   (+2).
   It affects your resistance to hostile enchantments.
   It lets you see invisible.
   It has a curse placed upon it.
 E - a cursed +0 shield
Jewellery
 y - an amulet of regeneration (around neck)
Wands
 s - a wand of polymorph (5)
 C - a wand of disintegration (21)
Scrolls
 f - 2 scrolls of enchant weapon
 h - 3 scrolls of remove curse {unknown}
 m - 8 scrolls of teleportation {unknown}
 n - 2 scrolls of amnesia
 o - a scroll of noise {unknown}
 q - a scroll of enchant armour {unknown}
 u - a scroll of random uselessness
 x - a scroll of immolation {unknown}
 F - a scroll of magic mapping {unknown}
 G - a scroll of silence {unknown}
Potions
 c - 2 potions of might
 e - a potion of ambrosia
 g - a potion of cancellation
 i - 2 potions of mutation
 l - 2 potions of flight
 r - a potion of curing
 v - 2 potions of agility
 w - 2 potions of haste
 z - a potion of heal wounds
 B - a potion of invisibility {unknown}
 D - a potion of degeneration {unknown}
Comestibles
 d - 12 rations


   Skills:
 + Level 4.8 Fighting
 + Level 5.6 Dodging
 * Level 6.5 Shields
 + Level 8.3 Unarmed Combat


You had 8 spell levels left.
You didn't know any spells.
Your spell library contained the following spells:

 Spells                   Type           Power        Failure   Level  Hunger
 Animate Skeleton         Necr           N/A          67%         1    ##.....
 Apportation              Tloc           #.....       67%         1    ##.....
 Confusing Touch          Hex            #.....       67%         1    ##.....
 Flame Tongue             Conj/Fire      #....        67%         1    ##.....
 Summon Small Mammal      Summ           #...         67%         1    ##.....
 Throw Flame              Conj/Fire      #.....       82%         2    ###....
 Conjure Flame            Conj/Fire      #.......     96%         3    ####...
 Inner Flame              Hex/Fire       #.......     96%         3    ####...
 Sticky Flame             Conj/Fire      #.......     100%        4    #####..
 Fireball                 Conj/Fire      #.........   100%        5    ######.


Dungeon Overview and Level Annotations

Branches:
Dungeon (8/15)             Temple (0/1) D:7
   Lair: D:8-11

Altars:
Elyvilon
Fedhas
Gozag
Hepliaklqana
Makhleb
Okawaru
Ru
Xom
Yredelemnul
Zin


Innate Abilities, Weirdness & Mutations

You are too large for most types of armour.
You have claws for hands.
Your metabolism is lightning-fast.
You like to eat raw meat.
Your natural rate of healing is unusually fast.
You are covered in fur. (AC +1)
You have extremely tough skin. (AC +3)


Message History

The skeletal warrior hits you with a +0 hand axe.
You block the skeletal warrior's attack.
You barely miss the skeletal warrior.
The skeletal warrior is almost destroyed.
The skeletal warrior closely misses you.
You scratch the skeletal warrior but do no damage.
The skeletal warrior is almost destroyed.
The skeletal warrior hits you with a +0 dire flail!!
The skeletal warrior hits you with a +0 hand axe.
You scratch the skeletal warrior but do no damage.
The skeletal warrior is almost destroyed.
The skeletal warrior hits you with a +0 dire flail!!
* * * LOW HITPOINT WARNING * * *
You block the skeletal warrior's attack.
You are too injured to fight recklessly!
The skeletal warrior hits you with a +0 dire flail!
* * * LOW HITPOINT WARNING * * *
You block the skeletal warrior's attack.
The skeletal warrior hits you with a +0 hand axe!
You die...

#.# #.# #.# ##># .# #.#
#..## .# ##### #.###
#.#....# #....##...# #.
#.#.#### ##.##....#.#
..#.#.#.### ##...####.#.#
..'.......# ##.....###.#.#
#.....zz###.......##.#)#
#.$.....@....._......#.#
....#.....#.#.......#..#.#
..#.........##.....##....#
..........#####...##..####
###.###### ##.##..## #.
#....## #. ######


You could see 2 skeletal warriors.

Vanquished Creatures
  A skeletal warrior (D:7)
  Pikel (D:6)
  Sigmund (D:3)
  The ghost of Mouse the Ruffian, an amateur TrMo of Okawaru (D:3)
  A slave (D:6)
  A necrophage (D:6)
  2 sky beasts
  A centaur (D:7)
  3 ogres
  Blork the orc (D:6)
  3 scorpions
  4 crimson imps
  A quasit (D:8)
  A bullfrog zombie (D:6)
  A hound (D:5)
  A jelly (D:5)
  An orc priest (D:3)
  Ijyb (D:3)
  Crazy Yiuf (D:2)
  Terence (D:3)
  2 iguanas
  An orc wizard (D:6)
  Natasha (twice) (D:2)
  6 worker ants
  A hound skeleton (D:7)
  Robin (D:2)
  A howler monkey skeleton (D:4)
  2 worker ant zombies
  15 adders
  A shadow imp (D:8)
  2 oozes (D:2)
  An adder zombie (D:5)
  4 adder skeletons
  2 worms
  2 leopard geckos
  7 orcs
  A ball python (D:1)
  6 giant cockroaches
  17 goblins
  4 hobgoblins
  12 jackals
  3 quokkas
  6 bats
  4 frilled lizards
  A jackal skeleton (D:5)
  6 kobolds
  A quokka skeleton (D:4)
  3 rats
  4 fungi (D:2)
146 creatures vanquished.

Vanquished Creatures (others)
  A hound (D:6)
  An ooze (D:6)
2 creatures vanquished.

Grand Total: 148 creatures vanquished

Notes
Turn   | Place    | Note
-------+----------+-------------------------------------------
     0 | D:1      | Diniver the Troll Fighter began the quest for the Orb.
     0 | D:1      | Reached XP level 1. HP: 22/22 MP: 0/0
   297 | D:1      | Reached XP level 2. HP: 29/29 MP: 1/1
   851 | D:2      | Found an opulent altar of Gozag.
   911 | D:2      | Reached XP level 3. HP: 31/36 MP: 2/2
   958 | D:2      | Found a white marble altar of Elyvilon.
   960 | D:2      | Noticed Natasha
   964 | D:2      | Killed Natasha
  1123 | D:2      | Reached skill level 3 in Unarmed Combat
  1123 | D:2      | Reached XP level 4. HP: 39/44 MP: 3/3
  1241 | D:2      | Found an iron altar of Okawaru.
  1397 | D:2      | Noticed Robin
  1439 | D:2      | Killed Robin
  1690 | D:2      | Found a runed translucent door.
  1691 | D:2      | Noticed Crazy Yiuf
  1696 | D:2      | Killed Crazy Yiuf
  1696 | D:2      | Reached XP level 5. HP: 52/52 MP: 4/4
  1913 | D:3      | Noticed Terence
  1928 | D:3      | Killed Terence
  1958 | D:3      | Found a faded altar of an unknown god.
  2006 | D:3      | Noticed Ijyb
  2056 | D:3      | Killed Ijyb
  2056 | D:3      | Reached skill level 4 in Unarmed Combat
  2224 | D:3      | Noticed an ogre
  2265 | D:3      | Killed an ogre
  2265 | D:3      | Reached XP level 6. HP: 53/61 MP: 5/5
  2633 | D:3      | Found a burning altar of Makhleb.
  2634 | D:3      | Found a shimmering altar of Xom.
  2659 | D:3      | Became a worshipper of Makhleb the Destroyer
  2734 | D:3      | Noticed Sigmund
  2878 | D:3      | Found a runed translucent gate.
  2889 | D:3      | Found a runed translucent gate.
  2889 | D:3      | Found a runed translucent gate.
  2894 | D:3      | Noticed Mouse's ghost (amateur TrMo)
  3115 | D:4      | HP: 2/61 [ogre/+0 giant spiked club (29)]
  3166 | D:3      | Reached XP level 7. HP: 35/67 MP: 6/6
  3253 | D:3      | Reached skill level 5 in Unarmed Combat
  3473 | D:4      | Found a glowing silver altar of Zin.
  3658 | D:5      | Entered Level 5 of the Dungeon
  3977 | D:5      | Got a distressingly furry chain mail
  4453 | D:5      | Reached skill level 6 in Unarmed Combat
  4480 | D:5      | Found a hazy altar of Hepliaklqana.
  4602 | D:5      | Reached XP level 8. HP: 76/78 MP: 7/7
  4714 | D:6      | Noticed Pikel
  4734 | D:6      | Killed Pikel
  4734 | D:6      | Reached skill level 5 in Shields
  4734 | D:6      | Reached skill level 7 in Unarmed Combat
  4785 | D:6      | Reached * piety under Makhleb
  5117 | D:6      | Noticed Blork the orc
  5124 | D:6      | Killed Blork the orc
  5395 | D:6      | Reached skill level 5 in Dodging
  5413 | D:6      | Found a sacrificial altar of Ru.
  5586 | D:6      | Found a blossoming altar of Fedhas.
  5997 | D:3      | Killed Mouse's ghost
  5997 | D:3      | Reached XP level 9. HP: 66/84 MP: 8/8
  6085 | D:2      | Noticed Natasha
  6090 | D:2      | Killed Natasha
  6198 | D:3      | Killed Sigmund
  6348 | D:7      | You fall into a shaft and drop 1 floor!
  6413 | D:7      | Noticed a skeletal warrior
  6417 | D:7      | Found a staircase to the Ecumenical Temple.
  6453 | D:7      | Killed a skeletal warrior
  6453 | D:7      | Reached skill level 8 in Unarmed Combat
  6540 | D:7      | Found a basalt altar of Yredelemnul.
  6559 | D:7      | Noticed a skeletal warrior
  6560 | D:7      | Noticed a skeletal warrior
  6580 | D:7      | Slain by a skeletal warrior

Levels and vault maps discovered:
D:1:      lemuel_arrival_muddy, layout_basic
D:2:      layout_loops_ring, nicolae_gozag_seed_capital, elyvilon_altar_5,
          okawaru_ov_weapons_minmay, uniq_robin, uniq_crazy_yiuf_cottage,
          uniq_natasha
D:3:      layout_loops_ring, grunt_temple_overflow_champion_of_chaos,
          chequers_ecumenical_altar_grove, ebering_ghost_rock_garden,
          minmay_misc_feat_roman, uniq_ijyb, uniq_terence, uniq_sigmund
D:4:      layout_rooms, marbit_many_paths, kennysheep_small_square
D:5:      layout_gridville, first_ration, basic_altar
D:6:      minmay_polygon_palace, layout_loops_corners, lemuel_crystal_altar,
          fedhas_altar_4, uniq_pikel, uniq_blork_the_orc
D:7:      layout_loops_ring, kennysheep_mini_moat, lemuel_round_altar,
          evilmike_ruin_ashenzari, minmay_temple_entry_grid, serial_shops,
          nicolae_shop_window_shopping, the_bakery, xom_redecorated
D:8:      layout_rooms, grunt_temple_overflow_open, uniq_harold

Skill      XL: |  1  2  3  4  5  6  7  8  9 |
---------------+----------------------------+-----
Shields        | 3 4 5 6 |  6.5
Unarmed Combat | 3 4 6 7 8 |  8.3
Fighting       | 3 4 |  4.8
Dodging        | 3 4 5 |  5.6

Action                   |  1- 3 |  4- 6 |  7- 9 || total
-------------------------+-------+-------+-------++-------
Melee: Unarmed           |   104 |   199 |   234 ||   537
Throw: Stone             |     4 |    18 |    62 ||    84
  Use: Scroll            |       |       |    10 ||    10
 Stab: Sleeping          |     1 |       |       ||     1
  Eat: Chunk             |    11 |    17 |    28 ||    56
       Ration            |       |       |     1 ||     1
Armor: Robe              |    38 |    40 |    61 ||   139
Dodge: Dodged            |    30 |    62 |    62 ||   154
Block: Shield            |    47 |    63 |    86 ||   196
